 Dungeon Crawl Stone Soup version 0.21-a0-591-g2314aa1 (webtiles) character file.

3653 Monsterracer the Martial Artist (level 10, -13/74 HPs)
             Began as a Human Transmuter on Dec 23, 2017.
             Was an Initiate of Makhleb.
             Mangled by an orc warrior
             ... wielding a +0 halberd
              (28 damage)
             ... in the Ecumenical Temple.
             The game lasted 00:22:11 (13131 turns).

Monsterracer the Martial Artist (Human Transmuter) Turns: 13131, Time: 00:22:12

Health: -13/74     AC:  5    Str: 12    XL:     10   Next: 34%
Magic:  9/13       EV: 13    Int: 16    God:    Makhleb [......]
Gold:   296        SH:  0    Dex: 13    Spells: 3/13 levels left

rFire    . . .     SeeInvis .     - Unarmed
rCold    . . .     Gourm    .   (shield currently unavailable)
rNeg     . . .     Faith    .   b - +0 robe
rPois    .         Spirit   .   (no helmet)
rElec    .         Reflect  .   (no cloak)
rCorr    .         Harm     .   (gloves currently unavailable)
MR       .....                  r - +2 pair of boots
Stlth    +.........             (no amulet)
HPRegen  0.22/turn              (no ring)
MPRegen  0.13/turn              (no ring)

@: blade hands, slowed, very slow
A: no striking features
a: End Transformation, Renounce Religion


You were in the Ecumenical Temple.
You worshipped Makhleb.
Makhleb was noncommittal.
You were not hungry.
You had blades for hands.
You visited 2 branches of the dungeon, and saw 8 of its levels.

You collected 296 gold pieces.

Inventory:

Missiles
 a - 74 arrows
Armour
 b - a +0 robe (worn)
 i - a +0 leather armour of poison resistance
 r - a +2 pair of boots (worn)
Wands
 n - a wand of clouds (2)
 o - a wand of digging (20)
 v - a wand of polymorph (16)
Scrolls
 e - a scroll of remove curse
 h - a scroll of immolation {!r}
 j - 4 scrolls of magic mapping {!r}
 k - a scroll of fog
 l - a scroll of enchant armour
Potions
 f - a potion of heal wounds
 g - a potion of flight
 m - a potion of lignification {unknown}
 q - 2 potions of mutation {!q}
 s - a potion of haste
 t - 2 potions of invisibility
 u - a potion of might {unknown}
 w - a potion of agility {unknown}
Books
 c - a book of Changes

   Spells                             Type                      Level
   a - Beastly Appendage              Transmutation                1
   b - Sticks to Snakes               Transmutation                2
   c - Spider Form                    Transmutation/Poison         3
   d - Ice Form                       Ice/Transmutation            4
   e - Blade Hands                    Transmutation                5
Comestibles
 d - 10 rations
 p - 2 chunks of flesh


   Skills:
 + Level 5.2 Fighting
 + Level 2.7 Dodging
 * Level 9.7 Unarmed Combat
 - Level 2.0 Spellcasting
 * Level 9.4 Transmutations
 + Level 0.4 Invocations


You had 3 spell levels left.
You knew the following spells:

 Your Spells              Type           Power        Failure   Level  Hunger
b - Sticks to Snakes      Tmut           ####....     13%         2    ###....
c - Spider Form           Tmut/Pois      ###.......   43%         3    ###....
d - Blade Hands           Tmut           ####......   50%         5    ######.


Dungeon Overview and Level Annotations

Branches:
Dungeon (7/15)             Temple (1/1) D:7

Altars:
Ashenzari
Cheibriados
Dithmenos
Elyvilon
Fedhas
Hepliaklqana
Kikubaaqudgha
Makhleb
Nemelex Xobeh
Qazlal
Ru
Sif Muna
Trog
Uskayaw
Vehumet
Wu Jian
Xom
Yredelemnul
Zin
The Shining One

Annotations:
D:6 mopl's ghost, novice TrTm


Message History

Casting: Blade Hands
Confirm with . or Enter, or press ? or * to list all spells.
You turn into a venomous arachnid creature.
Your +2 pair of boots melds into your body.
Your +0 robe melds into your body.
The orc priest misses you.
You now have 10/13 mp.
You hit the orc priest.
The orc priest is poisoned.
The orc priest is moderately wounded.
You barely miss the orc priest.
The orc priest is moderately wounded.
The orc priest completely misses you.
You bite the orc priest!
You kill the orc priest!
Makhleb accepts your kill.
Things that are here:
a mace; an orc corpse You butcher the orc corpse.
p - 3 chunks of flesh
Things that are here:
a mace; an orc skeleton
There is a staircase back to the Dungeon here.
Eat one of 3 chunks of flesh? (ye/n/q)
You eat one of the 3 chunks of flesh.
This raw flesh tastes terrible.
You start resting.
Your transformation is almost over.
You start resting.
Your transformation has ended.
Your +2 pair of boots unmelds from your body.
Your +0 robe unmelds from your body.
You start resting.
Magic restored.
MP restored: 13 You start resting.
HP restored.
Health restored: 74
Casting: Spider Form
Confirm with . or Enter, or press ? or * to list all spells.
Your hands turn into razor-sharp scythe blades.
You now have 8/13 mp.
You can't go down here!
You climb upwards.
Welcome back to the Dungeon!
The orc wizard closely misses you.
There is a staircase to the Ecumenical Temple here.
You closely miss the orc warrior.
The orc warrior hits you with a halberd!
The orc wizard gestures wildly while chanting.
The orc wizard seems to speed up.
You take 17 damage, and have 57/74 hp.
MASSIVE DAMAGE!!
You barely miss the orc warrior.
The orc wizard mumbles some strange words.
The orc wizard seems to speed up.
The orc wizard hits you but does no damage.
The orc warrior closely misses you.
You barely miss the orc warrior. The orc wizard barely misses you.
The orc wizard hits you with a dagger.
You take 3 damage, and have 54/74 hp.
You are too injured to fight recklessly!
You barely miss the orc warrior. The orc wizard casts a spell at you.
The puff of frost hits you! The orc warrior barely misses you.
You take 3 damage, and have 51/74 hp.
You hit the orc warrior.
You slash the orc warrior, but do no damage.
The orc warrior is moderately wounded.
The orc wizard misses you.
The orc wizard hits you but does no damage.
The orc warrior hits you with a halberd!
* * * LOW HITPOINT WARNING * * *
You take 17 damage, and have 34/74 hp.
MASSIVE DAMAGE!!
The orc wizard hits you but does no damage.
The orc wizard gestures at you while chanting.
You feel yourself slow down. The orc wizard misses you.
The orc wizard hits you but does no damage.
The orc warrior barely misses you.
You climb downwards.
Welcome back to the Ecumenical Temple!
There is a staircase back to the Dungeon here.
You hit the orc warrior.
The orc warrior is moderately wounded.
The orc wizard barely misses you. The orc wizard casts a spell at you.
The puff of frost hits you!
* * * LOW HITPOINT WARNING * * *
The orc wizard hits you but does no damage.
The orc wizard completely misses you.
The orc wizard gestures at you while chanting.
The puff of frost hits you!
* * * LOW HITPOINT WARNING * * *
The orc warrior closely misses you.
You take 11 damage, and have 24/74 hp.
You slash the orc warrior!
The orc warrior is almost dead.
The orc wizard hits you but does no damage.
The orc wizard hits you with a dagger.
* * * LOW HITPOINT WARNING * * *
The orc wizard hits you but does no damage.
The orc wizard hits you with a dagger.
* * * LOW HITPOINT WARNING * * *
The orc warrior hits you with a halberd!!
You die...

#...# #...##.##.##.##...#
#...# #._.# #._.# #.#.#.#
#._.# #._.# #...####...#
#...# #...####...#
####.##.###.# #._.#
#.###.##.#### ##..### #.#
... #.# ###..## #.#..##
#.##.##.# ##..#.##
#####.####.#.#.####.####.#
##...##.)o##...## ###
#._....@o..._.#
##...##oo.##...## ###
#####.####.#.#.####.####.#
#.#..####.##.##.# ##..#.##
##..#####.##...##.#
###..##
####.##.###.###._.#
#.###.##.####
#...####...## #...#
#...####...# #._.# #._.#
#.#.#.# #._.# #._.# #...#
#...##.##.##.##...# #...#


You could see an orc warrior and 3 orc wizards.

Vanquished Creatures
  Pikel (D:7)
  The ghost of Lanoc the Pure, a novice DsAK of Lugonu (D:5)
  Prince Ribbit (D:7)
  Sigmund (D:2)
  Menkaure (D:7)
  A hungry ghost (D:7)
  2 orc warriors
  A phantom (D:7)
  3 ice beasts
  3 slaves (D:7)
  2 ogres (D:5)
  A necrophage (D:6)
  2 sky beasts
  A centaur (D:7)
  2 bullfrogs
  A howler monkey (D:6)
  A crimson imp (D:6)
  A hound (D:3)
  A jelly (D:7)
  A quasit (D:6)
  7 orc priests
  8 orc wizards
  3 iguanas
  5 worker ants
  Ijyb (D:3)
  A hound skeleton (D:4)
  3 gnolls
  A howler monkey skeleton (D:6)
  11 adders
  3 shadow imps
  An ooze (D:2)
  2 adder skeletons
  2 worms
  A dart slug (D:1)
  6 leopard geckos
  25 orcs
  A ball python (D:3)
  5 bats
  6 giant cockroaches
  4 goblins
  8 hobgoblins
  14 jackals
  3 quokkas
  A ball python skeleton (D:4)
  4 frilled lizards
  2 jackal zombies (D:6)
  9 kobolds
  A leopard gecko skeleton (D:4)
  6 rats
172 creatures vanquished.

Vanquished Creatures (collateral kills)
  A phantom (D:3)
1 creature vanquished.

Grand Total: 173 creatures vanquished

Notes
Turn   | Place    | Note
-------+----------+-------------------------------------------
     0 | D:1      | Monsterracer the Human Transmuter began the quest for the Orb.
     0 | D:1      | Reached XP level 1. HP: 15/15 MP: 3/3
   103 | D:1      | Reached XP level 2. HP: 16/21 MP: 5/5
   172 | D:1      | Learned a level 2 spell: Sticks to Snakes
   539 | D:1      | HP: 10/21 [leopard gecko (3)]
   546 | D:1      | HP: 4/21 [leopard gecko (5)]
   801 | D:2      | HP: 10/21 [poisoned by an adder]
   807 | D:2      | HP: 8/21 [poisoned by an adder]
   813 | D:2      | HP: 6/21 [poisoned by an adder]
   820 | D:2      | HP: 5/21 [poisoned by an adder]
  1084 | D:2      | Reached XP level 3. HP: 24/26 MP: 6/6
  1089 | D:2      | Learned a level 3 spell: Spider Form
  1164 | D:2      | HP: 13/26 [poisoned by an adder]
  1170 | D:2      | HP: 11/26 [poisoned by an adder]
  1178 | D:2      | HP: 10/26 [poisoned by an adder]
  1754 | D:1      | Reached XP level 4. HP: 26/32 MP: 7/7
  2393 | D:2      | HP: 16/32 [jackal (1)]
  2400 | D:2      | HP: 11/32 [poisoned by an adder]
  2811 | D:2      | Noticed Sigmund
  2822 | D:2      | Killed Sigmund
  2822 | D:2      | Reached skill level 5 in Unarmed Combat
  2822 | D:2      | Reached XP level 5. HP: 21/37 MP: 2/8
  2822 | D:2      | Reached XP level 6. HP: 25/43 MP: 2/9
  3592 | D:3      | Noticed Ijyb
  3617 | D:3      | Killed Ijyb
  4079 | D:3      | Reached skill level 5 in Transmutations
  4133 | D:3      | Reached XP level 7. HP: 48/48 MP: 6/10
  4359 | D:3      | Found a shadowy altar of Dithmenos.
  4396 | D:3      | HP: 24/48 [poisoned by an adder]
  4403 | D:3      | HP: 23/48 [poisoned by an adder]
  4411 | D:3      | HP: 22/48 [poisoned by an adder]
  4711 | D:3      | HP: 24/48 [poisoned by kobold (curare-tipped needle)]
  5578 | D:4      | Learned a level 5 spell: Blade Hands
  6055 | D:3      | HP: 17/48 [phantom (10)]
  6717 | D:4      | HP: 23/48 [something/magic dart (10)]
  6724 | D:4      | HP: 2/48 [something/puff of flame (11)]
  7223 | D:3      | HP: 16/48 [phantom (10)]
  7230 | D:3      | HP: 11/48 [phantom (6)]
  7240 | D:3      | HP: 7/48 [phantom (5)]
  7262 | D:3      | HP: 7/48 [phantom (1)]
  7268 | D:3      | Reached XP level 8. HP: 9/56 MP: 5/11
  7574 | D:5      | Entered Level 5 of the Dungeon
  7629 | D:4      | HP: 27/56 [shadow imp/nerve-wracking pain (9)]
  7982 | D:5      | HP: 24/56 [gnoll/spear (7)]
  8008 | D:5      | HP: 17/56 [orc priest/divine providence (12)]
  8468 | D:5      | Noticed Lanoc's ghost (novice DsAK)
  8573 | D:5      | Killed Lanoc's ghost
  9036 | D:5      | Reached XP level 9. HP: 63/63 MP: 8/12
  9391 | D:6      | HP: 31/64 [orc warrior/glaive (19)]
  9771 | D:6      | Noticed mopl's ghost (novice TrTm)
 10959 | D:5      | HP: 32/65 [ice beast (14)]
 11331 | D:5      | HP: 31/65 [orc warrior/war axe (5)]
 11332 | D:5      | HP: 12/65 [orc warrior/war axe (19)]
 11335 | D:5      | HP: 2/65 [orc warrior/tomahawk (11)]
 12110 | D:6      | Found a sacrificial altar of Ru.
 12118 | D:6      | Became a worshipper of Ru the Awakened
 12274 | D:7      | Noticed Pikel
 12296 | D:7      | Killed Pikel
 12296 | D:7      | Reached XP level 10. HP: 42/73 MP: 3/13
 12584 | D:7      | Noticed Prince Ribbit
 12584 | D:7      | Found a staircase to the Ecumenical Temple.
 12586 | D:7      | HP: 33/73 [centaur/arrow (6)]
 12594 | D:7      | HP: 32/73 [Prince Ribbit (2)]
 12596 | D:7      | Reached skill level 5 in Fighting
 12603 | D:7      | HP: 14/74 [hungry ghost (3)]
 12612 | D:7      | Killed Prince Ribbit
 12633 | D:7      | HP: 9/74 [iguana (12)]
 12667 | Temple   | Entered the Ecumenical Temple
 12796 | Temple   | Fell from the grace of Ru
 12796 | Temple   | Became a worshipper of Makhleb the Destroyer
 12908 | D:7      | Noticed Menkaure
 12916 | D:7      | Killed Menkaure
 13127 | D:7      | HP: 34/74 [orc warrior/halberd (17)]
 13131 | Temple   | HP: 15/74 [orc wizard/dagger (4)]
 13131 | Temple   | Mangled by an orc warrior

Vault maps used:
D:1:      dpeg_arrival_court
D:2:      first_ration, uniq_sigmund
D:3:      nicolae_dithmenos_through_a_glass_darkly, kennysheep_boxes, uniq_ijyb
D:4:      kennysheep_diamond
D:6:      nicolae_ru_path_of_blood
D:7:      lemuel_doored_altar, minmay_temple_entry_junction_2, enter_ossuary_5,
          grunt_ogre_cave, uniq_pikel, uniq_prince_ribbit1, uniq_menkaure
Temple:   eino_narrow_crystal_temple

Skill      XL: |  1  2  3  4  5  6  7  8  9 10 |
---------------+-------------------------------+-----
Transmutations | 3 4 5 6 7 9 |  9.4
Unarmed Combat | 5 6 7 9 |  9.7
Fighting       | 3 4 5 |  5.2
Dodging        | |  2.7
Spellcasting   | |  2.0
Invocations    | |  0.4

Action                   |  1- 3 |  4- 6 |  7- 9 | 10-12 || total
-------------------------+-------+-------+-------+-------++-------
Melee: Unarmed           |    75 |   164 |   412 |    43 ||   694
       Headbutt          |       |     3 |       |       ||     3
       Punch             |       |     1 |     8 |     1 ||    10
 Cast: Beastly Appendage |     3 |     4 |     1 |       ||     8
       Sticks to Snakes  |     4 |     1 |     9 |     1 ||    15
       Spider Form       |     2 |     7 |    29 |     3 ||    41
       Blade Hands       |       |       |     3 |     4 ||     7
 Abil: End Transformatio |       |       |     1 |       ||     1
Evoke: Wand              |       |       |       |     2 ||     2
  Use: Potion            |       |     3 |     1 |       ||     4
       Scroll            |       |       |    14 |       ||    14
 Stab: Distracted        |       |       |     1 |       ||     1
  Eat: Chunk             |     3 |     9 |    24 |     6 ||    42
       Ration            |       |       |     2 |     1 ||     3
Armor: Robe              |     7 |    18 |    52 |    11 ||    88
       Skin              |       |       |    11 |       ||    11
Dodge: Dodged            |    49 |   100 |   250 |    24 ||   423

Table legend:
 A = Spawn XP
 B = Non-spawn XP
 C = Spawn XP percentage of total XP
 D = Spawn monster count
 E = Non-spawn monster count
 F = Spawn count percentage of total count
 G = Total turns spent on level
                    A         B        C        D         E        F      G
               +---------+---------+-------+---------+---------+-------+---------
         Total |       0 |    5219 |   0.0 |       0 |     170 |   0.0 | 13131
               +---------+---------+-------+---------+---------+-------+---------
           D:1 |       0 |      23 |   0.0 |       0 |      12 |   0.0 |   970
           D:2 |       0 |     319 |   0.0 |       0 |      27 |   0.0 |  2369
           D:3 |       0 |     339 |   0.0 |       0 |      28 |   0.0 |  2001
           D:4 |       0 |     484 |   0.0 |       0 |      28 |   0.0 |  3029
           D:5 |       0 |    1421 |   0.0 |       0 |      31 |   0.0 |  1891
           D:6 |       0 |     949 |   0.0 |       0 |      26 |   0.0 |  1895
           D:7 |       0 |    1641 |   0.0 |       0 |      17 |   0.0 |   796
        Temple |       0 |      43 |   0.0 |       0 |       1 |   0.0 |   180
               +---------+---------+-------+---------+---------+-------+---------

Vault maps used:
D:1:      dpeg_arrival_court
D:2:      first_ration, uniq_sigmund
D:3:      nicolae_dithmenos_through_a_glass_darkly, kennysheep_boxes, uniq_ijyb
D:4:      kennysheep_diamond
D:6:      nicolae_ru_path_of_blood
D:7:      lemuel_doored_altar, minmay_temple_entry_junction_2, enter_ossuary_5,
          grunt_ogre_cave, uniq_pikel, uniq_prince_ribbit1, uniq_menkaure
Temple:   eino_narrow_crystal_temple
